 Dungeon Crawl Stone Soup version 0.32-a0-422-g28b100f618 (webtiles) character file.

Game seed: 7267247749845924420

853 horus123 the Basher (level 7, 0/61 HPs)
             Began as a Mountain Dwarf Fighter on Feb 22, 2024.
             Slain by a quasit (1 damage)
             ... on level 4 of the Dungeon.
             The game lasted 00:07:06 (3566 turns).

horus123 the Basher (Mountain Dwarf Fighter)        Turns: 3566, Time: 00:07:07

Health: 0/61       AC: 12    Str: 26      XL:     7   Next: 70%
Magic:  7/7        EV:  9    Int: 10      God:
Gold:   161        SH:  4    Dex:  6 (9)  Spells: 6/6 levels left

rFire   . . .        p - +0 morningstar
rCold   + . .        c - +0 buckler
rNeg    . . .        b - +0 scale mail
rPois   .            (no helmet)
rElec   .            q - +2 cloak
rCorr   .            k - +0 pair of gloves
SInv    .            (no boots)
Will    .....        (no amulet) Stlth
                     h - ring of Freedom {rC+ Str+5 Int+2}
HPRegen 0.30/turn    (no ring)
MPRegen 0.10/turn

%: no passive effects
@: hasted (expiring), very quick
A: runic magic, artefact enchanting, screaming 1
a: no special abilities


You were on level 4 of the Dungeon.
You visited 1 branch of the dungeon, and saw 4 of its levels.

You collected 161 gold pieces.

Inventory:

Hand Weapons
 p - a +0 morningstar (weapon)
Armour
 b - a +0 scale mail (worn)
 c - a +0 buckler (worn)
 k - a +0 pair of gloves (worn)
 q - a +2 cloak (worn)
Jewellery
 e - a +6 ring of dexterity
 h - the ring of Freedom (left hand) {rC+ Str+5 Int+2}
   (You found it on level 4 of the Dungeon)

   [ring of protection from cold]

   Str+5:     It affects your strength (+5).
   Int+2:     It affects your intelligence (+2).
   rC+:       It protects you from cold.
Scrolls
 f - a scroll of amnesia
 j - a scroll of immolation
 n - 2 scrolls of vulnerability
Potions
 a - a potion of enlightenment {unknown}
 d - a potion of resistance
 g - a potion of haste
 i - a potion of berserk rage {unknown}
 m - a potion of attraction {unknown}


   Skills:
 + Level 5.3 Fighting
 - Level 8.0 Maces & Flails
 - Level 6.0 Armour
 - Level 3.2 Shields


You had 6 spell levels left.
You didn't know any spells.
Your spell library contained the following spells:

 Spells                   Type           Power      Damage    Failure   Level
 Apportation              Tloc           0%         N/A       47%         1
 Jinxbite                 Hex            0%         N/A       63%         2
 Dazzling Flash           Conj/Hex       0%         N/A       85%         3
 Volatile Blastmotes      Fire/Tloc      0%         2d10      85%         3
 Alistair's Intoxication  Alch           0%         N/A       100%        5
 Starburst                Conj/Fire      0%         6d3       100%        6
 Maxwell's Capacitive Co  Air            0%         ∞         100%        8


Dungeon Overview and Level Annotations

Branches:
Dungeon (4/15)
 Temple: D:4-7

Altars:


Innate Abilities, Weirdness & Mutations

Your spellcasting is much less encumbered by armour.
You can use scrolls of enchantment on lesser artefacts.
You occasionally shout uncontrollably at your foes.


Message History

As you read the scroll of poison, it crumbles to dust.
The quasit closely misses you. The quasit claws you.
* * * LOW HITPOINT WARNING * * *
The quasit barely misses you.
The quasit bites you but does no damage.
The quasit closely misses you. You block the quasit's attack.
You barely miss the quasit.
Your attack snaps the quasit out of its fear.
The quasit bites you.
* * * LOW HITPOINT WARNING * * *
The quasit claws you but does no damage.
The quasit closely misses you. x2
The quasit claws you but does no damage. x2
You barely miss the quasit.
The quasit bites you but does no damage.
The quasit claws you but does no damage. x2
You block the quasit's attack. The quasit misses you.
The quasit closely misses you. x2
The quasit claws you but does no damage. x2
Unknown command.
You closely miss the quasit.
The quasit seems to regain its courage.
The quasit closely misses you.
The quasit claws you but does no damage. x2
The quasit bites you but does no damage.
The quasit barely misses you. The quasit claws you.
* * * LOW HITPOINT WARNING * * *
You feel clumsy.
The quasit bites you but does no damage.
The quasit claws you but does no damage.
The quasit barely misses you. x2
The quasit claws you but does no damage. x2
You sock the quasit!
The quasit is almost dead.
Your extra speed is starting to run out.
The quasit bites you but does no damage.
The quasit barely misses you.
The quasit claws you but does no damage.
The quasit bites you but does no damage.
The quasit claws you.
You die...

# ####### ######.## ###
##.....###..§§§..#
..####..###......§§§#.##
....##.##.#####..§§###.##
.......#......##.§§# ##.##
......##..#....##§§###...####
......#.#...#...#§###....##.#####
......#..#.##..##5###§§§....##...
......##.#...#.#@55§§§§§........>
.......#[#.....##5#§§§§§.....####
......©#[..©#..[#§#..§§§....##
.......#..#...#.#§§....§...##
......##.....#.##§§§........# ##
......#..#.#...#.§§§§....#..####.
......#..#.#...#.§§§§§......##...
......##.......#.§§§§§§......)...
.......###.©.###.........##.))...


You could see 4 quasits.

Vanquished Creatures
  The ghost of MrSquiggles the Basher, a novice MDFi (D:4)
  Sigmund (D:2)
  A scorpion (D:4)
  A bombardier beetle (D:4)
  Crazy Yiuf (D:3)
  An orc priest (D:4)
  2 orc wizards (D:3)
  8 adders
  4 dart slugs
  A ribbon worm (D:2)
  6 orcs
  4 endoplasms
  2 giant cockroaches
  8 goblins
  8 hobgoblins
  3 jackals (D:4)
  2 quokkas
  5 ball pythons
  8 bats
  5 frilled lizards (D:1)
  A kobold (D:2)
  5 rats
78 creatures vanquished.

Notes
Turn   | Place    | Note
-------+----------+-------------------------------------------
     0 | D:1      | horus123 the Mountain Dwarf Fighter began the quest for the
                  | Orb.
     0 | D:1      | Reached XP level 1. HP: 19/19 MP: 1/1
   189 | D:1      | Reached XP level 2. HP: 27/27 MP: 2/2
   503 | D:1      | Reached XP level 3. HP: 32/34 MP: 3/3
   656 | D:2      | Gained mutation: You occasionally shout uncontrollably at
                  | your foes. [potion of mutation]
   659 | D:2      | Reached skill level 5 in Fighting
   660 | D:2      | Noticed Sigmund
   667 | D:2      | Killed Sigmund
   668 | D:2      | Reached skill level 5 in Maces & Flails
   668 | D:2      | Reached XP level 4. HP: 17/42 MP: 4/4
   668 | D:2      | Reached XP level 5. HP: 19/48 MP: 5/5
   954 | D:2      | Reached skill level 6 in Maces & Flails
  1622 | D:3      | Found a faded altar of an unknown god.
  1629 | D:3      | Reached XP level 6. HP: 56/56 MP: 6/6
  2000 | D:3      | Reached skill level 7 in Maces & Flails
  2164 | D:3      | Found a runed translucent door.
  2165 | D:3      | Noticed Crazy Yiuf
  2271 | D:3      | Killed Crazy Yiuf
  2565 | D:4      | Found a transporter.
  2581 | D:4      | Found a transporter.
  2585 | D:4      | Identified the ring of Freedom {rC+ Str+5 Int+2}
  2591 | D:4      | Noticed MrSquiggles's ghost (novice MDFi)
  3041 | D:4      | Reached skill level 8 in Maces & Flails
  3236 | D:4      | Reached XP level 7. HP: 61/61 MP: 7/7
  3546 | D:4      | HP: 1/61 [MrSquiggles's ghost (5)]
  3547 | D:4      | Killed MrSquiggles's ghost
  3563 | D:4      | HP: 2/61 [quasit (2)]
  3566 | D:4      | Slain by a quasit

Illustrated notes

Levels and vault maps discovered:
D:1:      minmay_arrival_nine_rooms, layout_basic
D:2:      layout_basic, minmay_pentomino_q4, uniq_sigmund
D:3:      layout_basic, ebering_ecumenical_altar_webs,
          chequers_serial_rivers_micro_a, kennysheep_generic_room_14,
          uniq_crazy_yiuf_cottage
D:4:      layout_cave_pods, gammafunk_ghost_stat_death

Skill      XL: |  1  2  3  4  5  6  7 |
---------------+----------------------+-----
Fighting       | 4 5 |  5.3
Maces & Flails | 5 6 8 |  8.0
Armour         | 4 6 |  6.0
Shields        | |  3.2

Action                     |  1- 3 |  4- 6 |  7- 9 || total
---------------------------+-------+-------+-------++-------
  Melee: Flail             |    93 |    40 |       ||   133
         Morningstar       |       |   136 |    29 ||   165
    Use: Potion            |     4 |       |     1 ||     5
         Scroll            |       |     9 |     2 ||    11
 Armour: Scale mail        |    86 |   125 |   163 ||   374
  Dodge: Dodged            |    52 |    76 |    97 ||   225
  Block: Buckler           |    25 |    30 |    32 ||    87

Table legend: (Time is in decaauts)
 A = Elapsed time spent in this place.
 B = Non-inter-level travel time spent in this place.
 C = Inter-level travel time spent in this place.
 D = Time resting spent in this place.
 E = Time spent auto-exploring this place.
 F = Levels seen in this place.
 G = Mean time per level.
                   A        B        C        D        E       F      G
               +--------+--------+--------+--------+--------+-----+--------+
         Total |   3613 |   3487 |    126 |    238 |   2513 |   4 |  903.2 |
       Dungeon |   3613 |   3487 |    126 |    238 |   2513 |   4 |  903.2 |
               +--------+--------+--------+--------+--------+-----+--------+

Top non-repeatable levels by time:
     D:4: 1044 daAuts
     D:3: 986 daAuts
     D:2: 941 daAuts
     D:1: 641 daAuts
